 Dungeon Sprint DCSS version 0.30.1-9-gdf580d7c3d (webtiles) character file.

Game seed: 2750331247473738567

1976 Heoruswealwe the Severer (level 9, -7/92 HPs)
             Began as a Minotaur Fighter on Oct 12, 2023.
             Was an Initiate of Gozag.
             Mangled by a boulder beetle (17 damage)
             ... in the Dungeon (Sprint IX: "|||||||||||||||||||||||||||||").
             The game lasted 00:05:43 (242 turns).

Heoruswealwe the Severer (Minotaur Fighter)          Turns: 242, Time: 00:05:43

Health: -7/92      AC: 11    Str: 29    XL:     9   Next: 0%
Magic:  8/8        EV: 10    Int:  5    God:    Gozag
Gold:   486        SH:  4    Dex:  9    Spells: 8/8 levels left

rFire   . . .        a - +16 obsidian axe {drain, demonic, Mesm Drain Fly SInv}
rCold   . . .        d - +0 buckler
rNeg    . . .        c - +2 ring mail
rPois   .            (helmet restricted)
rElec   .            (no cloak)
rCorr   .            (no gloves)
SInv    +            e - +0 pair of boots
Will    .....        (no amulet) Stlth
                     k - +3 ring of strength
HPRegen 0.35/turn    (no ring)
MPRegen 0.11/turn

%: no teleportation
@: gold aura, flying, mesmerised
A: horns 2, retaliatory headbutt
a: Renounce Religion, Potion Petition, Call Merchant, Bribe Branch


You were in the Dungeon.
You worshipped Gozag.
Gozag was aware of your devotion.
You visited 1 branch You collected 486 gold pieces.

Inventory:

Hand Weapons
 a - the +16 obsidian axe (weapon) {drain, demonic, Mesm Drain Fly SInv}
   (You found it in the Dungeon)

   Mesm:      Its wielder is mesmerised by any visible foes, and it cannot be
   unequipped while any foes are visible.
   SInv:      It lets you see invisible.
   Fly:       It grants you flight.
   Drain:     It drains your maximum health when unequipped.
 m - a +0 trident
Armour
 c - a +2 ring mail (worn)
 d - a +0 buckler (worn)
 e - a +0 pair of boots (worn)
Jewellery
 k - a +3 ring of strength (left hand)
Wands
 h - a wand of light (10)
Scrolls
 j - 2 scrolls of blinking
Potions
 b - a potion of might
 g - a potion of haste
 i - a potion of berserk rage
 l - 4 potions of curing


   Skills:
 + Level 12.6 Fighting
 * Level 15.4(16.0) Axes
 - Level 7.3(12.3) Polearms
 + Level 12.6 Armour
 - Level 3.6 Shields


You had 8 spell levels left.
You didn't know any spells.
Your spell library was empty.

Dungeon Overview and Level Annotations

Branches:
Dungeon (1/1)

Altars:
Cheibriados
Dithmenos
Elyvilon
Fedhas
Gozag
Hepliaklqana
Kikubaaqudgha
Makhleb
Nemelex Xobeh
Okawaru
Qazlal
Ru
Sif Muna
Trog
Uskayaw
Vehumet
Wu Jian
Xom
Yredelemnul
Zin
The Shining One
Jiyva
Lugonu


Innate Abilities, Weirdness & Mutations

You have a pair of horns on your head.
You reflexively headbutt those who attack you in melee.


Message History

Your ynoxinul gestures.
You open the deep elf pyromancer like a pillowcase!!!
The deep elf pyromancer is almost dead.
The boulder beetle curls into a ball and begins rolling!
You slice the deep elf pyromancer!!
You are no longer entranced.
You kill the deep elf pyromancer!
Visions of slaying the boulder beetle flood into your mind.
The howler monkey hoots and howls with incredible vigour!
Your base Axes skill increases to level 15!
You have reached level 9!
Your experience leads to an increase in your attributes!
Your base attributes are Str 24, Int 5, Dex 9.
Increase (S)trength, (I)ntelligence, or (D)exterity?
You feel stronger. x2
The boulder beetle hits you!!
* * * LOW HITPOINT WARNING * * *
The boulder beetle stops rolling and uncurls.
Things that are here:
198 gold pieces; a +0 rapier; a +0 shortbow You cannot move away from the boulder beetle!
You hit the boulder beetle but do no damage.
You drain the boulder beetle.
The boulder beetle is lightly wounded.
The boulder beetle bites you.
* * * LOW HITPOINT WARNING * * *
You feel better. The boulder beetle bites you.
* * * LOW HITPOINT WARNING * * *
You slice the boulder beetle!!
You headbutt the boulder beetle, but do no damage.
The boulder beetle is moderately wounded.
The boulder beetle waves its antennae.
The boulder beetle barely misses you. You furiously retaliate!
You headbutt the boulder beetle!
The howler monkey hoots and howls with incredible vigour!
You hit the boulder beetle but do no damage.
The boulder beetle is heavily wounded.
The boulder beetle bites you!
You die...
Your body crumbles into a pile of gold.

$
▓'▓
▓[▓
$
▓.▓
$
▓5▓
$ $
▓5▓
$
▓5▓
$
▓3▓
▓3▓
▓@▓
▓B▓
▓h▓
▓.▓
▓.▓
▓.▓
▓+▓


You could see a boulder beetle (mesmerising, drained, ally target), a howler
monkey, a friendly sun demon (summoned), a friendly ynoxinul (summoned) and 3
friendly ufetubi.

Vanquished Creatures
  A centaur warrior (D)
  A deep elf pyromancer (D)
  A manticore (D)
  A wraith (D)
  A vampire (D)
  An acid dragon (D)
  A killer bee (D)
  An orc priest (D)
  A hound (D)
  An iguana (D)
  2 orc wizards (D)
  A white imp (D)
  An ufetubus (D)
  2 dart slugs (D)
  An orc (D)
  2 kobolds (D)
  A rat (D)
20 creatures vanquished.

Notes
Turn   | Place    | Note
-------+----------+-------------------------------------------
     0 | D        | Heoruswealwe the Minotaur Fighter began the quest for the
                  | Orb.
     0 | D        | Reached XP level 1. HP: 19/19 MP: 0/0
    19 | D        | Reached XP level 2. HP: 26/28 MP: 1/1
    29 | D        | Reached skill level 5 in Fighting
    29 | D        | Reached skill level 5 in Polearms
    29 | D        | Reached skill level 5 in Armour
    29 | D        | Reached XP level 3. HP: 32/36 MP: 2/2
    38 | D        | Reached XP level 4. HP: 31/44 MP: 3/3
    44 | D        | Found a snail-covered altar of Cheibriados.
    44 | D        | Found a shadowy altar of Dithmenos.
    44 | D        | Found a white marble altar of Elyvilon.
    44 | D        | Found a blossoming altar of Fedhas.
    44 | D        | Found an opulent altar of Gozag.
    45 | D        | Found a hazy altar of Hepliaklqana.
    46 | D        | Found a viscous altar of Jiyva.
    47 | D        | Found an ancient bone altar of Kikubaaqudgha.
    48 | D        | Found a corrupted altar of Lugonu.
    49 | D        | Found a burning altar of Makhleb.
    50 | D        | Found a sparkling altar of Nemelex Xobeh.
    51 | D        | Found an iron altar of Okawaru.
    52 | D        | Became a worshipper of Gozag Ym Sagoz the Greedy
    53 | D        | Found a stormy altar of Qazlal.
    54 | D        | Found a sacrificial altar of Ru.
    55 | D        | Found a shimmering blue altar of Sif Muna.
    56 | D        | Found a bloodstained altar of Trog.
    57 | D        | Found a hide-covered altar of Uskayaw.
    58 | D        | Found a radiant altar of Vehumet.
    59 | D        | Found an ornate altar of the Wu Jian Council.
    60 | D        | Found a shimmering altar of Xom.
    61 | D        | Found a basalt altar of Yredelemnul.
    62 | D        | Found a glowing silver altar of Zin.
    63 | D        | Found a glowing golden altar of the Shining One.
    71 | D        | Found the +16 obsidian axe {drain, demonic, Mesm Drain Fly
                  | SInv}
   129 | D        | Noticed an acid dragon
   129 | D        | Noticed a wraith
   133 | D        | Reached skill level 3 in Axes
   134 | D        | Reached skill level 4 in Axes
   134 | D        | Reached XP level 5. HP: 46/52 MP: 4/4
   137 | D        | Reached skill level 5 in Axes
   137 | D        | Killed an acid dragon
   138 | D        | Reached skill level 8 in Axes
   138 | D        | Reached XP level 6. HP: 54/62 MP: 5/5
   142 | D        | Killed a wraith
   143 | D        | Reached skill level 9 in Axes
   144 | D        | Reached skill level 10 in Axes
   215 | D        | Noticed a vampire
   215 | D        | Noticed a manticore
   215 | D        | Noticed a centaur warrior
   215 | D        | Noticed a deep elf pyromancer
   215 | D        | Noticed a boulder beetle
   217 | D        | Killed a vampire
   218 | D        | Reached skill level 10 in Fighting
   218 | D        | Reached skill level 11 in Axes
   218 | D        | Reached skill level 10 in Armour
   218 | D        | Reached XP level 7. HP: 57/72 MP: 6/6
   225 | D        | Killed a manticore
   226 | D        | Reached skill level 12 in Axes
   234 | D        | Killed a centaur warrior
   235 | D        | Reached skill level 14 in Axes
   235 | D        | Reached XP level 8. HP: 7/83 MP: 7/7
   237 | D        | Killed a deep elf pyromancer
   238 | D        | Reached skill level 15 in Axes
   238 | D        | Reached XP level 9. HP: 32/92 MP: 8/8
   239 | D        | HP: 3/92 [boulder beetle (6)]
   242 | D        | Mangled by a boulder beetle

Illustrated notes

Levels and vault maps discovered:
D:        linesprint [early_d, line_temple, items_1, d_10, items_2, lair_1,
          lair_end, items_3, orc_1, orc_end, items_4, d_15, swamp_1, shoals_1,
          snake_1, spider_1, d_20, vaults_1, items_5, swamp_end, shoals_end,
          snake_end, spider_end, vaults_end, d_27, items_6, zot_1, zot_end,
          crypt_end, forest_end, elf_end, slime_end, tomb_end, abyss_end,
          pan_hell_end]

Skill      XL: |  1  2  3  4  5  6  7  8 |
---------------+-------------------------+-----
Polearms       | 4 5 7 |  7.3
Fighting       | 4 5 6 7 8 10 12 | 12.6
Armour         | 4 5 6 7 8 10 12 | 12.6
Axes           | 4 8 11 14 15 | 15.4
Shields        | |  3.6

Action                     |  1- 3 |  4- 6 |  7- 9 || total
---------------------------+-------+-------+-------++-------
  Melee: Trident           |    26 |       |       ||    26
         Headbutt          |     4 |     2 |     2 ||     8
         Broad axe         |       |    13 |    11 ||    24
    Use: Potion            |       |       |     4 ||     4
 Armour: Scale mail        |     8 |       |       ||     8
         Ring mail         |       |     2 |     4 ||     6
  Dodge: Dodged            |     6 |     5 |     8 ||    19
  Block: Buckler           |     5 |     4 |     3 ||    12
